 Dungeon Crawl Stone Soup version 0.24.0-28-g17ded55e90 (webtiles) character file.

Game seed: 2835386006860431576, levelgen mode: deterministic

28 Gumption the Grave Robber (level 3, -3/24 HPs)
             Began as a Demonspawn Necromancer on Nov 11, 2019.
             Slain by a hound (6 damage)
             ... on level 2 of the Dungeon.
             The game lasted 00:07:57 (1261 turns).

Gumption the Grave Robber (Demonspawn Necromancer)  Turns: 1261, Time: 00:07:58

Health: -3/24      AC:  2    Str:  8    XL:     3   Next: 0%
Magic:  0/6        EV: 12    Int: 17    God:
Gold:   62         SH:  0    Dex: 13    Spells: 4/6 levels left

rFire    . . .     SeeInvis .   a - +0 short sword
rCold    . . .     Gourm    .   (no shield)
rNeg     . . .     Faith    .   c - +0 robe
rPois    .         Spirit   .   (no helmet)
rElec    .         Reflect  .   (no cloak)
rCorr    .         Harm     .   (no gloves)
MR       .....                  (no boots)
Stlth    ++........             (no amulet)
HPRegen  0.08/turn              (no ring)
MPRegen  0.10/turn              (no ring)

@: no status effects
A: powered by pain 1, sturdy frame 1
a: no special abilities


You were on level 2 of the Dungeon.
You were not hungry.

You visited 1 branch of the dungeon, and saw 2 of its levels.

You collected 62 gold pieces.

Inventory:

Hand Weapons
 a - a +0 short sword (weapon)
Missiles
 d - 41 stones (quivered)
Armour
 c - a +0 robe (worn)
Jewellery
 f - an uncursed ring of stealth {unknown}
Scrolls
 b - 3 scrolls of identify {unknown}
 h - a scroll of amnesia {unknown}
 j - a scroll of enchant armour {unknown}
Potions
 i - a potion of ambrosia {unknown}
Comestibles
 e - a ration
 g - a chunk of flesh


   Skills:
 + Level 0.3 Fighting
 - Level 2.0 Dodging
 - Level 2.1 Stealth
 + Level 2.3 Spellcasting
 * Level 4.7 Necromancy


You had 4 spell levels left.
You knew the following spells:

 Your Spells              Type           Power        Failure   Level  Hunger
a - Pain                  Necr           ###.         2%          1    #......
b - Animate Skeleton      Necr           N/A          2%          1    #......

Your spell library contained the following spells:

 Spells                   Type           Power        Failure   Level  Hunger
 Vampiric Draining        Necr           ###.......   8%          3    ###....
 Regeneration             Chrm/Necr      ##........   22%         3    ###....
 Animate Dead             Necr           N/A          26%         4    #####..


Dungeon Overview and Level Annotations

Branches:
Dungeon (2/15)

Altars:


Innate Abilities, Weirdness & Mutations

You sometimes gain a little power by taking damage.
Your movements are slightly less encumbered by armour. (ER -2)


Message History

The hound is heavily wounded.
The hound barely misses you. The hound bites you.
* * * LOW HITPOINT WARNING * * *
You barely miss the hound.
The hound is heavily wounded.
The hound bites you.
* * * LOW HITPOINT WARNING * * *
The hound bites you.
* * * LOW HITPOINT WARNING * * *
The hound bites you.
* * * LOW HITPOINT WARNING * * *
There is a stone staircase leading up here.
You see here a stone.
Casting: Pain (safe; 2% risk of failure)
Confirm with . or Enter, or press ? or * to list all spells.
Aiming: Pain (safe; 2% risk of failure)
Press: ? - help, Shift-Dir - straight line, f/p - hound
Aim: a hound (heavily wounded, chance to defeat MR: 84%)
The hound writhes in agony.
The hound bites you.
You die...

...#. ...#.
#..#. ..... .
#....###...#
..#..........##
...............
...............
..........)..##
.......h#.#....
.......@.......
........#.##.##
............ #
..........##.#
##.######.. #
#. ### .


You could see a hound.

Vanquished Creatures
  4 bats (D:1)
  3 giant cockroaches (D:1)
  4 hobgoblins (D:1)
  3 frilled lizards
  3 goblins (D:1)
  3 kobolds
  3 rats
23 creatures vanquished.

Vanquished Creatures (collateral kills)
  A dart slug (D:1)
  A bat (D:1)
  A giant cockroach (D:2)
  A hobgoblin (D:1)
  A kobold (D:1)
5 creatures vanquished.

Grand Total: 28 creatures vanquished

Notes
Turn   | Place    | Note
-------+----------+-------------------------------------------
     0 | D:1      | Gumption the Demonspawn Necromancer began the quest for the
                  | Orb.
     0 | D:1      | Reached XP level 1. HP: 13/13 MP: 3/3
     3 | D:1      | Learned a level 1 spell: Animate Skeleton
   372 | D:1      | Gained mutation: Your movements are slightly less
                  | encumbered by armour. (ER -2) [demonic ancestry]
   372 | D:1      | Reached XP level 2. HP: 15/19 MP: 0/5
  1248 | D:2      | Gained mutation: You sometimes gain a little power by
                  | taking damage. [demonic ancestry]
  1248 | D:2      | Reached XP level 3. HP: 23/24 MP: 3/6
  1261 | D:2      | Slain by a hound

Levels and vault maps discovered:
D:1:      saegor_arrival_simple_a, layout_basic
D:2:      layout_basic, makhleb_grotto_becter, gammafunk_temple_overflow_statue

Skill      XL: |  1 |
---------------+----+-----
Stealth        | 2 |  2.1
Dodging        | 2 |  2.0
Fighting       | |  0.3
Spellcasting   | |  2.3
Necromancy     | |  4.7

Action                   || total
-------------------------++-------
Melee: Short sword       ||    33
 Cast: Pain              ||    33
       Animate Skeleton  ||    11
 Stab: Sleeping          ||     2
       Distracted        ||     1
  Eat: Chunk             ||     2
Armor: Robe              ||     9
Dodge: Dodged            ||    34
